 Dungeon Crawl Stone Soup version 0.18.1-50-g88ac8fd (webtiles) character file.

6163 Crag the Martial Artist (level 10, -4/135 (136) HPs)
             Began as a Naga Venom Mage on Sept 18, 2016.
             Was a Priest of Cheibriados.
             Killed from afar by a starcursed mass (8 damage)
             ... with an accursed screaming
             ... on level 1 of the Abyss.
             The game lasted 00:57:05 (9493 turns).

Crag the Martial Artist (Naga Venom Mage)           Turns: 9493, Time: 00:57:06

HP:   -4/135 (136)  AC: 25    Str: 21    XL:     10   Next: 90%
MP:   10/17         EV:  1    Int: 23    God:    Cheibriados [***...]
Gold: 440           SH:  0    Dex: 21    Spells: 4 memorised, 10 levels left

rFire  . . .     SeeInvis +       - Unarmed
rCold  . . .     Gourm    .     (armour currently unavailable)
rNeg   + + +     Faith    .     (no shield)
rPois  +         Spirit   .     (helmet currently unavailable)
rElec  .         Dismiss  +     (cloak currently unavailable)
rCorr  .         Reflect  .     (gloves currently unavailable)
SustAt .         Harm     .     (no barding)
MR     +....     NoTele   +     l - amulet of dismissal
Stlth  +++.......               (no ring)
                                (no ring)

@: tree-form, very slow, somewhat resistant to hostile enchantments, fairly
stealthy
A: see invisible, blink, (deformed body), (poison resistance), (slowness 0),
slow metabolism 1, spit poison 3, AC +3
a: Breathe Poison Gas, Blink, Bend Time, Temporal Distortion, Renounce Religion


You were on level 1 of the Abyss.
You worshipped Cheibriados.
Cheibriados was most pleased with you.
You were very hungry.
You were a tree.
You visited 2 branches of the dungeon, and saw 9 of its levels.
You visited the Abyss 1 time.

You collected 440 gold pieces.

Inventory:

Missiles
 j - 230 stones
 p - 3 javelins (quivered)
Armour
 a - a +0 robe
 m - a +2 cloak of magic resistance (melded)
 A - a +2 robe of magic resistance
 B - the +1 plate armour "Faasa" {+Inv rPois Regen+ Slay+6}
   (You acquired it on level 6 of the Dungeon)

   It affects your accuracy and damage with ranged weapons and melee attacks
   (+6).
   It protects you from poison.
   It lets you turn invisible.
   It increases your rate of regeneration.
 J - a +0 helmet (melded)
Jewellery
 l - an amulet of dismissal (around neck)
 u - an uncursed ring of loudness
 w - a -2 ring of strength
Wands
 v - a wand of polymorph (13/24)
 G - a wand of paralysis (14/24)
 L - a wand of lightning (8/15)
Scrolls
 d - a scroll of fear
 h - 5 scrolls of identify
 k - 3 scrolls of immolation
 n - 3 scrolls of remove curse
 q - 2 scrolls of teleportation
 t - a scroll of amnesia
 x - a scroll of recharging
 z - 2 scrolls of blinking
 D - a scroll of fog
 F - 2 scrolls of noise {unknown}
Potions
 e - 3 potions of agility
 i - 2 potions of mutation
 o - a potion of berserk rage {unknown}
 r - 3 potions of curing
 s - a potion of cure mutation {unknown}
 C - 2 potions of magic
 E - 2 potions of lignification
 H - a potion of cancellation {unknown}
Books
 b - a Young Poisoner's Handbook

   Spells                             Type                      Level
   a - Sting                          Conjuration/Poison           1
   b - Cure Poison                    Poison                       2
   c - Mephitic Cloud                 Conjuration/Poison/Air       3
   d - Olgreb's Toxic Radiance        Poison                       4
   e - Venom Bolt                     Conjuration/Poison           5
 y - a book of Envenomations

   Spells                             Type                      Level
   a - Spider Form                    Transmutation/Poison         3
   b - Olgreb's Toxic Radiance        Poison                       4
   c - Alistair's Intoxication        Transmutation/Poison         5
   d - Poisonous Cloud                Conjuration/Poison/Air       6
Miscellaneous
 M - an ornate deck of war
Comestibles
 c - 10 bread rations
 f - 3 beef jerkies
 g - 3 meat rations
 I - a royal jelly
 K - a slice of pizza


   Skills:
 - Level 6.0 Fighting
 - Level 4.2 Dodging
 - Level 3.0 Stealth
 + Level 10.3 Unarmed Combat
 - Level 5.2 Spellcasting
 - Level 2.0 Conjurations
 - Level 3.2 Transmutations
 - Level 5.3 Poison Magic
 - Level 7.0 Invocations


You had 10 spell levels left.
You knew the following spells:

 Your Spells              Type           Power        Failure   Level  Hunger
a - Sting                 Conj/Pois      ###.         2%          1    None
b - Cure Poison           Pois           ####......   1%          2    None
c - Mephitic Cloud        Conj/Pois/Air  ###.....     12%         3    ##.....
d - Spider Form           Trmt/Pois      ####......   6%          3    ##.....


Dungeon Overview and Level Annotations

Branches:
Dungeon (8/15)             Temple (1/1) D:5
   Lair: D:8-11

Altars:
Ashenzari
Cheibriados
Dithmenos
Elyvilon
Fedhas
Gozag
Makhleb
Nemelex Xobeh
Okawaru
Pakellas
Qazlal
Ru
Sif Muna
Trog
Vehumet
Xom
Yredelemnul
Zin
The Shining One

Shops:
D:6 (   D:7 }   D:8 [

Annotations:
D:8 Erica, Psyche


Innate Abilities, Weirdness & Mutations

You cannot wear boots.
((Your serpentine skin is tough (AC +3).))
You have supernaturally acute eyesight.
((Armour fits poorly on your strangely shaped body.))
((Your system is resistant to poisons.))
((You cover ground very slowly.))
You have a slow metabolism.
You can exhale a cloud of poison.
You can translocate small distances at will.


Message History

* * * LOW HITPOINT WARNING * * *
You cannot teleport because you are held in place by your roots.
You smack the revenant!
The revenant is moderately damaged.
You pummel the revenant!!
The revenant is severely damaged.
A chorus of shrieks assaults your mind.
* * * LOW HITPOINT WARNING * * *
The revenant hits you but does no damage.
A hell hog comes into view.
The smoke demon roars!
You pummel the revenant!!
The revenant is almost destroyed.
The revenant blinks!
A starcursed mass comes into view.
You smack the starcursed mass!
You destroy the starcursed mass!
Cheibriados thoroughly appreciates the change of pace.
A chorus of shrieks assaults your mind.
You die...

.... X. ...#####.
#......3# #.......#
. #.......#... .
#...#...#... . .
#.........##3..## #.
#..♣......##. #. ..
#..§X.....# .. .. .
#..#.(....## #....
#.....#.........#. #
#..§......L..... .
......#.........#.
....
......#.............
... .....#........
..... .
#...................
..


You could see 2 starcursed masses, a revenant and a smoke demon.

Vanquished Creatures
  A thrashing horror (Abyss:1)
  Pikel (D:5)
  Maurice (D:7)
  A smoke demon (Abyss:1)
  Sigmund (D:3)
  A slime creature (D:7)
  A spriggan (D:7)
  5 yaks (D:8)
  Eustachio (D:6)
  Edmund (D:5)
  Duvessa (D:6)
  2 sky beasts
  A slave (D:5)
  3 ogres
  7 starcursed masses (Abyss:1)
  A necrophage (D:8)
  A centaur (D:5)
  2 big kobolds
  3 giant frogs (D:7)
  Dowan (D:6)
  5 killer bees (D:7)
  3 wights (D:3)
  A howler monkey (D:4)
  A centaur zombie (D:8)
  4 jellies (D:7)
  A quasit (D:8)
  A crimson imp (D:8)
  3 orc priests
  2 hounds
  2 giant frog zombies
  5 iguanas
  8 orc wizards
  5 worker ants
  A killer bee zombie (D:7)
  2 hound zombies
  4 gnolls (D:7)
  A howler monkey skeleton (D:7)
  11 adders
  A shadow imp (D:7)
  14 oozes (D:7)
  An adder skeleton (D:6)
  An adder zombie (D:7)
  2 worms
  3 dart slugs
  5 giant geckos
  28 orcs
  2 ball pythons
  5 giant cockroaches
  10 goblins
  10 hobgoblins
  9 jackals
  6 quokkas
  7 bats
  A giant gecko skeleton (D:8)
  4 giant newts
  13 kobolds
  A quokka skeleton (D:4)
  4 rats
223 creatures vanquished.

Vanquished Creatures (others)
  Menkaure (D:5)
  An orc priest (D:5)
  An orc (D:5)
  5 fungi (D:7)
8 creatures vanquished.

Grand Total: 231 creatures vanquished

Notes
Turn   | Place    | Note
--------------------------------------------------------------
     0 | D:1      | Crag the Naga Venom Mage began the quest for the Orb.
     0 | D:1      | Reached XP level 1. HP: 15/15 MP: 3/3
   285 | D:1      | Reached XP level 2. HP: 22/22 MP: 1/5
   728 | D:1      | Reached XP level 3. HP: 28/28 MP: 5/7
   797 | D:1      | Reached skill level 1 in Conjurations
   924 | D:2      | Found a white marble altar of Elyvilon.
  1433 | D:2      | Learned a level 2 spell: Cure Poison
  1437 | D:2      | Learned a level 3 spell: Mephitic Cloud
  1864 | D:2      | Reached skill level 1 in Unarmed Combat
  1888 | D:2      | Reached XP level 4. HP: 31/36 MP: 3/8
  2159 | D:2      | Found a radiant altar of Vehumet.
  2212 | D:2      | Gained mutation: You can translocate small distances at will. [potion of mutation]
  2212 | D:2      | Gained mutation: You can exhale a cloud of poison. [potion of mutation]
  2341 | D:3      | Noticed Sigmund
  2361 | D:4      | Reached skill level 2 in Unarmed Combat
  2430 | D:4      | Noticed an ogre
  2446 | D:4      | Killed an ogre
  2446 | D:4      | Reached skill level 3 in Unarmed Combat
  2446 | D:4      | Reached XP level 5. HP: 42/42 MP: 2/9
  2510 | D:4      | Reached skill level 4 in Unarmed Combat
  2591 | D:4      | Reached XP level 6. HP: 49/49 MP: 6/10
  3186 | D:4      | Reached skill level 5 in Unarmed Combat
  3370 | D:5      | Entered Level 5 of the Dungeon
  3371 | D:5      | Found an iron altar of Okawaru.
  3453 | D:5      | Noticed Edmund
  3455 | D:5      | Noticed Pikel
  3455 | D:5      | Noticed a slave
  3461 | D:5      | Noticed a slave
  3483 | D:5      | Killed Edmund
  3483 | D:5      | Reached skill level 6 in Unarmed Combat
  3483 | D:5      | Reached XP level 7. HP: 52/55 MP: 6/11
  3487 | D:5      | Killed Pikel
  3487 | D:5      | Reached skill level 8 in Unarmed Combat
  3487 | D:5      | Reached XP level 8. HP: 59/62 MP: 3/12
  3557 | D:5      | Found a staircase to the Ecumenical Temple.
  3566 | Temple   | Entered the Ecumenical Temple
  3877 | D:5      | Reached skill level 1 in Fighting
  3985 | D:5      | Found a glowing silver altar of Zin.
  4076 | D:5      | Noticed Menkaure
  4111 | D:5      | Killed Menkaure
  4982 | D:3      | Learned a level 3 spell: Spider Form
  5172 | D:3      | Killed Sigmund
  5172 | D:3      | Reached skill level 9 in Unarmed Combat
  5409 | D:3      | Found a shimmering altar of Xom.
  5413 | D:3      | Found a snail-covered altar of Cheibriados.
  5421 | D:3      | Became a worshipper of Cheibriados the Contemplative
  5636 | D:3      | Reached skill level 1 in Transmutations
  5822 | D:6      | Noticed Dowan
  5824 | D:6      | Noticed Duvessa
  5827 | D:6      | Killed Dowan
  5827 | D:6      | Reached XP level 9. HP: 78/78 MP: 7/14
  5838 | D:6      | Killed Duvessa
  6175 | D:6      | Noticed Eustachio
  6180 | D:6      | Killed Eustachio
  6180 | D:6      | Reached skill level 5 in Spellcasting
  6230 | D:6      | Reached * piety under Cheibriados
  6258 | D:6      | Found Waethe's Antique Weapon Shop.
  7073 | D:7      | Reached ** piety under Cheibriados
  7201 | D:7      | Found a blossoming altar of Fedhas.
  7201 | D:7      | Found a bloodstained altar of Trog.
  7201 | D:7      | Found a stormy altar of Qazlal.
  7201 | D:7      | Found a shadowy altar of Dithmenos.
  7208 | D:7      | Found a sparkling altar of Nemelex Xobeh.
  7208 | D:7      | Found a basalt altar of Yredelemnul.
  7262 | D:6      | Identified a scroll of acquirement
  7263 | D:6      | Got an ancient plate armour
  7274 | D:6      | Identified the +1 plate armour "Faasa" {+Inv rPois Regen+ Slay+6} (You acquired it on level 6 of the Dungeon)
  7543 | D:7      | Found Buih's Quality Used Wands.
  7548 | D:7      | Reached skill level 10 in Unarmed Combat
  7665 | D:7      | Reached skill level 1 in Invocations
  7770 | D:7      | Reached *** piety under Cheibriados
  8092 | D:7      | Reached skill level 5 in Invocations
  8092 | D:7      | Reached XP level 10. HP: 61/85 MP: 17/17
  8117 | D:7      | Reached **** piety under Cheibriados
  8334 | D:8      | Noticed Maurice
  8354 | D:7      | Killed Maurice
  8514 | D:8      | Found a deep blue altar of Sif Muna.
  8679 | D:8      | Reached skill level 5 in Fighting
  8966 | D:8      | Noticed Psyche
  9158 | D:8      | Noticed Erica
  9261 | D:8      | Reached ***** piety under Cheibriados
  9281 | D:8      | Found a shattered altar of Ashenzari.
  9290 | D:8      | Found Jatseosh's Armour Shoppe.
  9319 | D:8      | Cast into level 1 of the Abyss (Psyche)
  9417 | Abyss:1  | Noticed a smoke demon
  9425 | Abyss:1  | Killed a smoke demon
  9433 | Abyss:1  | Noticed a revenant
  9439 | Abyss:1  | Noticed a tentacled starspawn
  9453 | Abyss:1  | Noticed a thrashing horror
  9454 | Abyss:1  | Killed a thrashing horror
  9466 | Abyss:1  | Noticed a smoke demon
  9472 | Abyss:1  | Noticed a large abomination
  9472 | Abyss:1  | Noticed a starcursed mass
  9474 | Abyss:1  | Noticed a revenant
  9475 | Abyss:1  | Killed a starcursed mass
  9475 | Abyss:1  | Killed a starcursed mass
  9479 | Abyss:1  | Killed a starcursed mass
  9491 | Abyss:1  | HP: 4/135 [starcursed mass/accursed screaming (6)]
  9492 | Abyss:1  | Noticed a hell hog
  9493 | Abyss:1  | Noticed a starcursed mass
  9493 | Abyss:1  | Killed from afar by a starcursed mass

Skill      XL: |  1  2  3  4  5  6  7  8  9 10 |
---------------+-------------------------------+-----
Spellcasting   | 3 5 |  5.2
Conjurations   | 2 |  2.0
Unarmed Combat | 1 3 4 6 8 9 10 | 10.3
Fighting       | 4 6 |  6.0
Transmutations | 2 3 |  3.2
Dodging        | 2 4 |  4.2
Invocations    | 5 7 |  7.0
Stealth        | |  3.0
Poison Magic   | |  5.3

Action                   |  1- 3 |  4- 6 |  7- 9 | 10-12 || total
-------------------------+-------+-------+-------+-------++-------
Melee: Unarmed           |    35 |    43 |   319 |   133 ||   530
       Punch             |       |       |    11 |     9 ||    20
Throw: Javelin           |       |       |     9 |     2 ||    11
 Cast: Sting             |    63 |    35 |    64 |    16 ||   178
       Mephitic Cloud    |       |     5 |    12 |     8 ||    25
       Spider Form       |       |       |       |     2 ||     2
Invok: Slouch            |       |       |       |     3 ||     3
 Abil: Spit Poison       |    33 |     3 |       |       ||    36
       Breathe Poison Ga |       |    11 |    18 |     5 ||    34
       Blink             |       |       |       |     1 ||     1
  Use: Scroll            |       |     6 |     9 |     1 ||    16
       Potion            |       |     2 |       |     1 ||     3
 Stab: Confused          |       |     3 |     4 |     6 ||    13
       Distracted        |       |       |     1 |     1 ||     2
  Eat: Chunk             |     4 |     7 |    16 |     1 ||    28
       Beef jerky        |       |       |       |     1 ||     1
Armor: Robe              |     9 |    10 |    59 |       ||    78
       Skin              |       |       |    15 |    41 ||    56
Dodge: Dodged            |    32 |    22 |   115 |    71 ||   240
